Map: Torri del crepuscolo

Players

Mørtebianca

  • Race: Zerg Zerg
  • League: Diamond

Gfx

  • Race: Zerg Zerg

Jhyrachy

  • Race: Terran Terran
  • League: Bronze

Streiner

  • Race: Terran Terran

VOD

Have the link to the VOD?

Description

Time

  • Played on: Dec. 2, 2015, 5:07 p.m.
  • Length: 12:51
Show
View Real Time Build Order
Export as new Build Order

Mørtebianca Zerg 

Build Orders: Hatch First, Lurkers 

Get SALT Encoding   

  12  0:02  Drone  
  13  0:09  Drone  
  14  0:17  Overlord  
  14  0:35  Drone x2  
  16  0:36  Drone  
  17  0:55  Hatchery  
  16  0:57  Drone  
  16  0:59  Extractor  
  16  1:01  Drone  
  17  1:09  Drone  
  18  1:19  Spawning Pool  
  17  1:25  Drone  
  17  1:29  Drone  
  19  1:42  Drone  
  20  1:50  Overlord  
  20  2:09  Drone x2  
  20  2:10  Queen, Metabolic Boost  
  20  2:12  Queen  
  26  2:16  Drone  
  26  2:17  Drone  
  28  2:26  Drone  
  28  2:28  Drone  
  30  2:40  Hatchery  
  29  2:44  Zergling x6  
  32  3:00  Drone x2  
  34  3:15  Drone x2  
  34  3:16  Overlord  
  34  3:17  Overlord  
  34  3:19  Extractor  
  35  3:25  Evolution Chamber  
  35  3:26  Hatchery, Drone  
  34  3:27  Evolution Chamber  
  34  3:28  Drone  
  33  3:41  Drone  
  33  3:42  Drone x2  
  33  3:43  Drone x4  
  33  3:45  Drone  
  40  3:49  Zergling x2  
  41  3:57  Drone  
  41  3:58  Drone  
  41  3:59  Extractor  
  41  4:00  Drone  
  43  4:06  Zergling x4  
  43  4:09  Zergling x2  
  46  4:11  Zergling x4  
  46  4:12  Zergling x2  
  46  4:14  Zerg Melee Weapons Level 1  
  49  4:18  Drone x2  
  49  4:19  Drone x2  
  49  4:21  Drone  
  53  4:31  Drone x3  
  56  4:42  Pneumatized Carapace  
  56  4:43  Lair  
  56  4:48  Drone x3  
  56  4:50  Drone  
  56  4:51  Extractor  
  56  4:57  Zerg Ground Armor Level 1  
  56  5:00  Drone  
  56  5:01  Drone x7  
  64  5:08  Baneling Nest  
  64  5:10  Drone  
  64  5:14  Overlord x3  
  64  5:24  Overlord  
  64  5:31  Queen  
  64  5:32  Zergling x8  
  64  5:33  Zergling x6  
  73  5:38  Drone  
  73  5:39  Drone  
  73  5:40  Drone, Roach Warren  
  75  5:46  Spore Crawler, Drone x2, Evolution Chamber  
  75  5:57  Centrifical Hooks  
  75  6:00  Drone x6  
  75  6:01  Drone  
  82  6:05  Extractor x2  
  80  6:12  Zerg Missile Weapons Level 1, Zerg Melee Weapons Level 2  
  80  6:20  Hydralisk Den  
  80  6:23  Infestation Pit  
  78  6:36  Drone  
  78  6:37  Drone x2  
  78  6:38  Drone x2, Overlord x3  
  78  6:39  Overlord x2  
  81  6:54  Glial Reconstitution, Muscular Augments  
  76  6:59  Burrow  
  76  7:01  Drone  
  76  7:02  Drone x13  
  90  7:11  Zergling x18  
  99  7:19  Roach x3  
  105  7:28  Roach  
  105  7:29  Roach x3  
  113  7:31  Baneling x4, Roach  
  113  7:32  Baneling x2  
  113  7:34  Roach x2  
  113  7:35  Roach x2  
  123  7:39  Extractor  
  123  7:40  Zerg Ground Armor Level 2  
  123  7:43  Extractor  
  119  7:54  Hydralisk  
  119  7:55  Hydralisk x3  
  122  8:12  Tunneling Claws, Overlord x2  
  122  8:23  Zerg Missile Weapons Level 2  
  122  8:25  Lurker Den  
  122  8:28  Overlord x2  
  122  8:29  Overlord x6  
  122  8:30  Queen  
  124  8:39  Hydralisk  
  124  8:40  Overseer, Hydralisk  
  128  8:46  Hatchery  
  125  8:51  Queen  
  127  8:57  Hatchery, Hydralisk  
  127  8:58  Hydralisk x10  
  148  9:15  Hydralisk  
  148  9:16  Hydralisk x7  
  159  9:17  Overlord  
  159  9:22  Roach x9  
  151  9:34  Roach x3  
  151  9:35  Roach x8  
  173  9:40  Drone x2  
  173  9:41  Drone  
  174  9:46  Roach x4  
  174  9:47  Hydralisk  
  174  9:48  Hydralisk x4  
  176  10:03  Roach x4  
  176  10:04  Roach x4  
  192  10:12  Lurker x3, Queen  
  192  10:13  Lurker  
  200  10:26  Hive  
  198  10:41  Queen  
  194  10:46  Overlord x4  
  192  10:54  Queen  
  192  10:58  Overlord x4  
  192  10:59  Overlord x2  
  142  11:27  Roach  
  142  11:28  Roach x25  
  142  11:29  Roach  
  193  11:38  Roach  
  193  11:39  Roach x2  
  199  11:49  Overlord x2  
  199  11:51  Zergling x2  
  200  12:02  Hatchery, Extractor  
  200  12:05  Extractor  
  197  12:20  Hatchery  
  197  12:21  Extractor  
  197  12:22  Extractor  
  194  12:25  Roach  
  194  12:26  Roach x2  
Show
View Real Time Build Order
Export as new Build Order

Gfx Zerg 

Build Orders:  

Get SALT Encoding   

  12  0:01  SCV  
  13  0:13  SCV  
  14  0:20  Supply Depot  
  14  0:25  SCV  
  15  0:41  SCV  
  16  0:44  Barracks  
  16  0:53  SCV  
  17  1:05  SCV  
  18  1:16  Command Center  
  18  1:20  SCV  
  19  1:31  Marine  
  20  1:34  Orbital Command  
  20  1:40  Supply Depot  
  20  1:49  Marine  
  21  1:59  Refinery, SCV  
  22  2:04  Refinery  
  22  2:07  Marine  
  23  2:23  Barracks  
  23  2:25  Barracks  
  23  2:26  SCV  
  24  2:32  Orbital Command  
  24  2:38  SCV  
  25  2:52  Marine  
  26  3:08  SCV x2  
  28  3:14  Factory  
  28  3:16  Engineering Bay  
  28  3:17  Engineering Bay  
  28  3:19  Barracks Tech Lab  
  28  3:20  SCV x2  
  28  3:21  Barracks Reactor  
  28  3:24  Barracks Tech Lab  
  30  3:33  SCV x2  
  32  3:38  Supply Depot  
  29  3:53  Marine x2  
  30  4:03  SCV x2  
  30  4:05  Factory Reactor  
  30  4:09  Marine  
  33  4:10  Starport, Marine  
  33  4:11  Marine  
  33  4:12  Marauder  
  33  4:15  SCV x2, Stimpack  
  39  4:27  SCV x2  
  41  4:32  Terran Infantry Weapons Level 1  
  41  4:37  Refinery  
  41  4:38  Terran Infantry Armor Level 1  
  41  4:39  Refinery, SCV  
  42  4:47  SCV  
  42  4:51  SCV  
  44  4:55  Marine x2  
  44  4:56  Combat Shields  
  47  5:00  SCV  
  47  5:03  SCV  
  48  5:12  Command Center, SCV  
  49  5:15  SCV  
  49  5:17  Medivac  
  49  5:19  Medivac  
  54  5:28  Supply Depot  
  54  5:31  Supply Depot  
  54  5:33  Supply Depot  
  54  5:37  Armory  
  54  5:39  Missile Turret  
  54  5:49  Marine x4  
  54  5:50  SCV x2  
  60  6:02  SCV x2  
  62  6:05  Medivac  
  62  6:07  Marine x4  
  68  6:14  SCV x2  
  68  6:15  Supply Depot  
  70  6:25  Marine x2  
  70  6:26  Marauder, SCV  
  70  6:31  Missile Turret  
  75  6:33  Missile Turret  
  75  6:34  Orbital Command  
  75  6:35  Missile Turret  
  75  6:43  Missile Turret x2  
  75  6:46  Missile Turret  
  75  6:59  Marauder, Marine x3  
  75  7:01  Orbital Command  
  80  7:04  Medivac x2  
  80  7:05  SCV  
  85  7:17  Marine x2  
  85  7:18  Marauder  
  85  7:20  Marine  
  90  7:28  Barracks  
  90  7:29  Barracks x2  
  90  7:32  SCV, Barracks  
  90  7:35  Marine x2  
  93  7:39  Marauder, SCV  
  93  7:40  SCV  
  93  7:44  SCV, Supply Depot  
  98  7:45  Supply Depot  
  96  7:51  SCV  
  96  7:52  SCV  
  96  8:06  SCV x2  
  96  8:09  Marauder, Marine x2  
  101  8:14  Terran Infantry Armor Level 2, Terran Infantry Weapons Level 2  
  101  8:17  Barracks Reactor  
  101  8:18  Barracks Tech Lab  
  101  8:19  Barracks Reactor, Barracks Tech Lab  
  101  8:28  SCV x2  
  101  8:31  SCV  
  104  8:35  Command Center, Supply Depot  
  104  8:36  Supply Depot  
  104  8:40  Refinery  
  102  8:50  Marauder x4, Marine  
  102  8:51  Marine  
  100  9:02  Marine x2, Supply Depot  
  102  9:03  Medivac x2  
  102  9:04  SCV x3, Supply Depot  
  109  9:11  Marauder x2  
  97  9:26  Marine  
  97  9:27  Marauder x2, Marine x2  
  97  9:29  SCV  
  97  9:30  SCV  
  105  9:33  Marauder, Marine x3  
  105  9:34  Marauder  
  105  9:35  Factory Tech Lab  
  110  9:42  SCV x2  
  110  9:44  Marine x2  
  112  9:50  Concussive Shells  
  112  9:58  Missile Turret  
  112  9:59  Marauder x3, Marine x3  
  122  10:00  Siege Tank, Marauder, Marine  
  122  10:01  Missile Turret, Medivac x2  
  122  10:03  Missile Turret  
  131  10:17  Marine x2  
  131  10:20  Marauder  
  131  10:21  Marauder x2  
  139  10:27  SCV x3  
  142  10:31  Medivac  
  142  10:33  Siege Tank  
  136  10:36  Marauder, Marine  
  136  10:41  Marine x4  
  136  10:42  Marauder x3  
  112  10:52  Marine  
  112  10:54  Marine  
  88  10:58  Marauder  
  88  10:59  Marine  
  88  11:03  Marauder  
Show
View Real Time Build Order
Export as new Build Order

Jhyrachy Terran 

Build Orders:  

Get SALT Encoding   

Show
View Real Time Build Order
Export as new Build Order

Streiner Terran 

Build Orders:  

Get SALT Encoding   

Tags
 
Add a new tag
Caveats
  • Supply blocks, unpowered buildings, or Contaminate may cause inaccurate times.
  • Supply counts are checked every 10 seconds.